General information
- name: BNet
- type: Ladder 1vs1/FFA
- host: Battle.net
- saver: GODIEPLZ
map: GnollWood
- players: 2
- length: 19:07
- speed: Fast
- version: 1.26 W3XP
- replay type: Public
» download(86 KB)
Players
team 1 (loser)
SU_VIOLADOR (
green | 124 APM | 2360 actions | 19:04)
4 Blademaster
2 Wind Walk
2 Critical Strike
3 Shadow Hunter
1 Hex
2 Healing Wave
» actions
| Assign group hotkey | 148 | |
| Basic commands | 202 | |
| Build / train | 62 | |
| Enter build submenu | 13 | |
| Enter hero's abilities submenu | 7 | |
| Give item / drop item | 3 | |
| Remove unit from queue | 1 | |
| Right click | 943 | |
| Select / deselect | 449 | |
| Select group hotkey | 419 | |
| Use ability | 113 | |
2360 total
» units
| Peon | 9 | |
| Grunt | 9 | |
| Raider | 6 | |
| Spirit Walker | 3 | |
27 total
» upgrades
| Ensnare | 1 | |
| Berserker Strength | 1 | |
| Spirit Walker Training | 1 | |
3 total
» buildings
| Altar of Storms | 1 | |
| Orc Burrow | 6 | |
| Barracks | 1 | |
| Voodoo Lounge | 2 | |
| Stronghold | 2 | |
| Beastiary | 1 | |
| Spirit Lodge | 1 | |
| Fortress | 1 | |
| War Mill | 1 | |
16 total
» build order
00:03 Altar of Storms
00:12 Orc Burrow
00:49 Barracks
01:44 Orc Burrow
01:51 Voodoo Lounge
01:53 Voodoo Lounge
03:15 Stronghold
04:11 Orc Burrow
06:46 Beastiary
06:49 Spirit Lodge
06:51 Fortress
07:39 Orc Burrow
11:54 Orc Burrow
12:37 War Mill
18:42 Orc Burrow
» items
| Circlet of Nobility | 1 | |
| Healing Salve | 4 | |
| Boots of Speed | 2 | |
| Lesser Clarity Potion | 3 | |
| Orb of Lightning | 1 | |
| Potion of Lesser Invulnerability | 1 | |
| Scroll of Town Portal | 1 | |
13 total
team 2 (winner)
GODIEPLZ (
yellow | 155 APM | 2969 actions | 19:07)
5 Blademaster
2 Wind Walk
3 Critical Strike
2 Shadow Hunter
1 Hex
1 Healing Wave
» actions
| Assign group hotkey | 25 | |
| Basic commands | 54 | |
| Build / train | 62 | |
| ESC pressed | 3 | |
| Enter build submenu | 14 | |
| Enter hero's abilities submenu | 7 | |
| Give item / drop item | 5 | |
| Right click | 1663 | |
| Select / deselect | 654 | |
| Select group hotkey | 386 | |
| Use ability | 94 | |
2969 total
» units
| Peon | 9 | |
| Grunt | 16 | |
| Raider | 7 | |
| Forest Troll Shadow Priest | 1 | |
| Spirit Walker | 2 | |
| Wind Rider | 2 | |
37 total
» upgrades
| Berserker Strength | 1 | |
| Ensnare | 1 | |
| Spirit Walker Training | 1 | |
| Armor | 1 | |
4 total
» buildings
| Altar of Storms | 1 | |
| Orc Burrow | 7 | |
| Barracks | 1 | |
| Voodoo Lounge | 1 | |
| Stronghold | 1 | |
| Beastiary | 1 | |
| Spirit Lodge | 1 | |
| War Mill | 1 | |
14 total
» build order
00:03 Altar of Storms
00:05 Orc Burrow
00:24 Barracks
01:46 Orc Burrow
02:03 Voodoo Lounge
03:49 Stronghold
05:05 Orc Burrow
06:39 Beastiary
10:57 Spirit Lodge
12:13 Orc Burrow
12:26 Orc Burrow
13:56 War Mill
15:31 Orc Burrow
18:21 Orc Burrow
» items
| Boots of Speed | 1 | |
| Healing Salve | 2 | |
| Circlet of Nobility | 1 | |
| Lesser Clarity Potion | 4 | |
| Potion of Healing | 2 | |
| Dust of Appearance | 1 | |
11 total
Chat log
(01:16 / All) SU_VIOLADOR: fuckin noob
(01:21 / All) GODIEPLZ: why mad
(01:38 / All) SU_VIOLADOR: coz i dont practice anymore and losse to a full of noobs
(01:43 / All) GODIEPLZ: u were never good
(02:10 / All) SU_VIOLADOR: lol
(02:14 / All) SU_VIOLADOR: i was way better
(18:53 / All) SU_VIOLADOR: look you got lucky im not in shape
(18:55 / All) GODIEPLZ: Lmao
(18:57 / All) GODIEPLZ: leave
(19:02 / All) SU_VIOLADOR: same u